 Dungeon Crawl Stone Soup version 0.31-a0-233-g139696dc86 (webtiles) character file.

Game seed: 11477337412551208145

28 qw the Shooter (level 3, -1/21 HPs)
             Began as a Gargoyle Hexslinger on July 7, 2023.
             Slain by a worm (9 damage)
             ... on level 2 of the Dungeon.
             The game lasted 00:00:20 (983 turns).

qw the Shooter (Gargoyle Hexslinger)                 Turns: 983, Time: 00:00:20

Health: -1/21      AC:  9    Str: 11    XL:     3   Next: 14%
Magic:  4/4        EV: 10    Int: 13    God:
Gold:   31         SH:  0    Dex: 14    Spells: 3/4 levels left

rFire   . . .        Y - +1 sling
rCold   . . .        (no shield)
rNeg    + . .        h - +0 ring mail
rPois   inf          g - +0 helmet
rElec   +            (no cloak)
rCorr   .            (no gloves)
SInv    .            (no boots)
Will    .....        (no amulet)
Stlth   +            (no ring)
HPRegen 0.23/turn    (no ring)
MPRegen 0.09/turn

%: no passive effects
@: no status effects
A: sickness immunity, AC +3, negative energy resistance 1, electricity
resistance, torment resistance 1, petrification resistance
a: no special abilities


You were on level 2 of the Dungeon.
You visited 1 branch of the dungeon, and saw 2 of its levels.

You collected 74 gold pieces.
You spent 43 gold pieces at shops.


Innate Abilities, Weirdness & Mutations

You are immune to sickness and miasma.
Your stone body is resilient. (AC +3)
You are immune to poison.
You resist negative energy. (rN+)
You are resistant to electric shocks. (rElec)
You are resistant to unholy torment.
You are immune to petrification.


   Skills:
 - Level 2.0 Fighting
 - Level 3.1 Ranged Weapons
 + Level 0.1 Armour
 - Level 1.5 Dodging
 - Level 1.0 Spellcasting
 - Level 2.6 Hexes


You had 3 spell levels left.
You knew the following spells:

 Your Spells              Type           Power      Damage    Failure   Level
a - Slow                  Hex            28%        N/A       22%         1

Your spell library contained the following spells:

 Spells                   Type           Power      Damage    Failure   Level
 Inner Flame              Hex/Fire       4%         N/A       75%         3
 Portal Projectile        Hex/Tloc       8%         N/A       75%         3
 Cause Fear               Hex            3%         N/A       92%         4

Inventory:

Hand Weapons
 Y - a +1 sling (weapon)
Armour
 g - a +0 helmet (worn)
 h - a +0 ring mail (worn)
Scrolls
 a - a scroll of identify
Potions
 b - a potion of curing {unknown}
 d - a potion of attraction {unknown}
 e - a potion of might {unknown}
 f - a potion of enlightenment {unknown}

Dungeon Overview and Level Annotations

Branches:
Dungeon (2/15)

Altars:

Shops:
D:1 :*(   D:2 [


Message History

The sling bullet hits the endoplasm but does no damage.
A quokka comes into view.
You shoot a sling bullet. The sling bullet hits the quokka.
The quokka is lightly wounded.
You shoot a sling bullet. The sling bullet hits the quokka.
The quokka is almost dead.
The quokka closely misses you. The quokka barely misses you.
A worm comes into view.
You shoot a sling bullet.
The sling bullet barely misses the quokka.
The quokka bites you.
The quokka bites you but does no damage.
You shoot a sling bullet.
The sling bullet barely misses the quokka.
The quokka closely misses you. The endoplasm closely misses you.
You shoot a sling bullet. The sling bullet misses the quokka.
The quokka closely misses you.
The endoplasm hits you but does no damage.
The quokka barely misses you.
You shoot a sling bullet.
The sling bullet closely misses the quokka.
The quokka closely misses you.
The endoplasm hits you but does no damage.
The quokka barely misses you. The endoplasm freezes you.
You are frozen.
You shoot a sling bullet. The sling bullet hits the quokka.
You kill the quokka!
The worm closely misses you.
The endoplasm hits you but does no damage.
You shoot a sling bullet.
The sling bullet completely misses the worm.
The endoplasm hits you but does no damage.
The worm bites you! The endoplasm freezes you.
You are frozen.
You shoot a sling bullet. The sling bullet hits the worm!
The worm is moderately wounded.
The worm bites you!
You die...

### .... ...
..#######.## .
#.###.#.<.....[.
.###...#.#.#####.##
... #.........#
#.###....###.#
#..#...###
#.w..#.####
#J@......<#
......$#.##.##..#
#...##.#.##.# #.#
... ....##.# . .
...#.#.?. #....\.
## ....#.# ........


You could see a worm and an endoplasm.

Vanquished Creatures
  2 ball pythons (D:1)
  A bat (D:1)
  2 endoplasms (D:1)
  A goblin (D:1)
  4 hobgoblins (D:1)
  4 jackals (D:1)
  2 quokkas
  2 frilled lizards (D:1)
  3 kobolds (D:1)
  3 rats (D:1)
24 creatures vanquished.

Notes
Turn   | Place    | Note
-------+----------+-------------------------------------------
     0 | D:1      | qw the Gargoyle Hexslinger began the quest for the Orb.
     0 | D:1      | Reached XP level 1. HP: 12/12 MP: 2/2
     0 | D:1      | 0 ||| qw: Version: 0.3-a-46-gb1f654a
     0 | D:1      | 0 ||| qw: Game counter: 3308
     0 | D:1      | 0 ||| qw: Melee chars always use a shield: true
     0 | D:1      | 0 ||| qw: God list: Okawaru
     0 | D:1      | 0 ||| qw: Allow faded altars: false
     0 | D:1      | 0 ||| qw: Do Orc after clearing Dungeon:15 true
     0 | D:1      | 0 ||| qw: Do second Lair branch before Depths: true
     0 | D:1      | 0 ||| qw: Lair rune preference: random
     0 | D:1      | 0 ||| qw: Goals: Normal
     0 | D:1      | 0 ||| PLANNING D:1-11
    84 | D:1      | Reached XP level 2. HP: 15/16 MP: 3/3
   259 | D:1      | Found Waogys's Assorted Antiques.
   267 | D:1      | 267 ||| SHOPLISTING 3 scrolls labelled ASEXAZ TIGEU (69
                  | gold, have 45).
   267 | D:1      | 267 ||| BUYING lumpy dark potion (20 gold).
   267 | D:1      | Bought a lumpy dark potion for 20 gold pieces
   267 | D:1      | 267 ||| BUYING scroll labelled ASEXAZ TIGEU (23 gold).
   267 | D:1      | Bought a scroll labelled ASEXAZ TIGEU for 23 gold pieces
   267 | D:1      | 267 ||| SHOPLISTING scroll labelled CIGODD CYSULO (23 gold,
                  | have 2).
   267 | D:1      | 267 ||| SHOPLISTING scroll labelled TOCUPR FING (23 gold,
                  | have 2).
   297 | D:1      | Reached skill level 3 in Ranged Weapons
   297 | D:1      | Found Nuosysk's Book Shop.
   299 | D:1      | 299 ||| READING scroll labelled QUTEAH ULOQOEG.
   314 | D:1      | 314 ||| READING scroll labelled ASEXAZ TIGEU.
   315 | D:1      | 315 ||| DROPPING scroll of poison.
   628 | D:1      | Reached XP level 3. HP: 21/21 MP: 4/4
   842 | D:1      | Found Fuonkomenk's Antique Weapon Emporium.
   846 | D:1      | 846 ||| UPGRADING to +0 helmet.
   851 | D:1      | 851 ||| UPGRADING to +0 ring mail.
   861 | D:1      | 861 ||| DROPPING +0 robe.
   970 | D:2      | Found Qudoatti's Armour Emporium.
   983 | D:2      | Slain by a worm

Levels and vault maps discovered:
D:1:      dpeg_arrival_radiant, layout_basic, serial_shops,
          nicolae_shop_tiny_waterfront, shop, nicolae_shop_tiny_glass
D:2:      layout_loops_ring, serial_shops, shop, nicolae_shop_crystal,
          uniq_terence

Skill      XL: |  1  2 |
---------------+-------+-----
Ranged Weapons | 3 |  3.1
Fighting       | 2 |  2.0
Armour         | |  0.1
Dodging        | |  1.5
Spellcasting   | |  1.0
Hexes          | |  2.6

Action                     || total
---------------------------++-------
   Fire: Sling             ||    77
    Use: Scroll            ||     2
 Armour: Robe              ||     4
         Ring mail         ||     5
  Dodge: Dodged            ||    28

Table legend:
 A = Non-vault XP
 B = Vault XP
 C = Vault XP percentage of total XP
 D = Non-vault monster count
 E = Vault monster count
 F = Vault count percentage of total count
                 A         B        C        D         E       F
            +---------+---------+-------+---------+---------+-------
      Total |      41 |       0 |   0.0 |      24 |       0 |   0.0
            +---------+---------+-------+---------+---------+-------
        D:1 |      39 |       0 |   0.0 |      23 |       0 |   0.0
        D:2 |       2 |       0 |   0.0 |       1 |       0 |   0.0
            +---------+---------+-------+---------+---------+-------
